 Dungeon Crawl Stone Soup version 0.31-a0-1424-g2add1c7226 (webtiles) character file.

Game seed: 16810446384355144604

26 night the Apothecary (level 3, -1/35 HPs)
             Began as an Oni Alchemist on Dec 26, 2023.
             Frozen to death by an endoplasm (5 damage)
             ... on level 1 of the Dungeon.
             The game lasted 00:03:38 (1200 turns).

night the Apothecary (Oni Alchemist)                Turns: 1200, Time: 00:03:38

Health: -1/35      AC:  3    Str: 12    XL:     3   Next: 8%
Magic:  2/7        EV:  9    Int: 18    God:
Gold:   19         SH:  0    Dex:  9    Spells: 1/7 levels left

rFire   . . .        h - +0 mace
rCold   . . .        (no shield)
rNeg    . . .        a - +0 robe
rPois   .            (helmet restricted)
rElec   .            (no cloak)
rCorr   .            (gloves unavailable)
SInv    .            (boots unavailable)
Will    .....        (no amulet)
Stlth   +            i - ring of flight
HPRegen 0.25/turn    (no ring)
MPRegen 0.10/turn

%: no passive effects
@: weakened, flying, very slightly contaminated
A: large, unfitting armour, horns 1, tough skin 1, double potion healing,
drunken brawling
a: no special abilities


You were on level 1 of the Dungeon.
You visited 1 branch of the dungeon, and saw 2 of its levels.

You collected 19 gold pieces.

Inventory:

Hand Weapons
 h - a +0 mace (weapon)
Missiles
 c - a stone
Armour
 a - a +0 robe (worn)
Jewellery
 i - a ring of flight (left hand)
Scrolls
 d - 3 scrolls of teleportation {unknown}
 j - a scroll of identify {unknown}
Potions
 b - a potion of magic
 e - 2 potions of curing {unknown}
 f - 2 potions of brilliance {unknown}
 g - a potion of attraction {unknown}


   Skills:
 + Level 1.7 Fighting
 + Level 0.5 Maces & Flails
 - Level 1.7 Dodging
 - Level 1.4 Stealth
 + Level 2.9 Spellcasting
 - Level 0.8 Conjurations
 + Level 3.0 Alchemy


You had one spell level left.
You knew the following spells:

 Your Spells              Type           Power      Damage    Failure   Level
a - Sting                 Conj/Alch      36%        1d5       8%          1
b - Mercury Vapours       Alch/Air       16%        N/A       13%         2
c - Mephitic Cloud        Conj/Alch/Air  7%         N/A       28%         3

Your spell library contained the following spells:

 Spells                   Type           Power      Damage    Failure   Level
 Ensorcelled Hibernation  Hex/Ice        4%         N/A       26%         2
 Olgreb's Toxic Radiance  Alch           13%        N/A       43%         4
 Fugue of the Fallen      Necr           2%         N/A       45%         3
 Sticky Flame             Fire/Alch      8%         2d4       65%         4
 Anguish                  Hex/Necr       1%         N/A       86%         4


Dungeon Overview and Level Annotations

Branches:
Dungeon (2/15)

Altars:


Innate Abilities, Weirdness & Mutations

You are too large for most types of armour.
You have a pair of small horns on your head.
You have tough skin. (AC +1)
You gain doubled healing and magic from potions.
Whenever you drink a healing potion, you attack all around you.


Message History

You don't know that spell.
The endoplasm hits you but does no damage.
You fly upwards.
There is a stone staircase leading down here.
The endoplasm freezes you.
You are frozen.
The dart slug bites you.
Your magical contamination has completely faded away.
Casting: Sting (safe; 8% risk of failure)
Confirm with . or Enter, or press ? or * to list all spells.
Aiming: Mercury Vapours (safe; 13% risk of failure)
Press: ? - help, Dir - move target, f - endoplasm
Aim: an endoplasm (lightly wounded, chance to weaken: 100%) Fumes of mercury billow around the endoplasm!
The endoplasm looks weaker.
You feel your attacks grow feeble. The endoplasm freezes you.
You are frozen.
* * * LOW HITPOINT WARNING * * *
You are too injured to fight recklessly!
You hit the endoplasm.
The endoplasm is severely wounded.
The endoplasm hits you but does no damage.
The endoplasm freezes you.
You are frozen.
* * * LOW HITPOINT WARNING * * *
You hit the endoplasm.
You headbutt the endoplasm, but do no damage.
The endoplasm is almost dead.
The endoplasm closely misses you.
Casting: Mercury Vapours (safe; 13% risk of failure)
Confirm with . or Enter, or press ? or * to list all spells.
Aiming: Sting (safe; 8% risk of failure)
Press: ? - help, Shift-Dir - straight line, f/p - endoplasm
Aim: an endoplasm (almost dead, weak, 97% to hit)
You miscast Sting.
You are very lightly contaminated with residual magic.
Nothing appears to happen.
The endoplasm freezes you.
You are frozen.
You die...

....#.#######.....#.#.#.###+♣♣.♣
....#.# ##......#.#.###..♣.♣#
....#.########.##.......#....♣♣.#
....#.#⌠...⌠##.##...#.###.#.##..#
....#.#..<..#.......#.###.#.##.##
.####.#.....##..##........#......
......#..>..##..#####...###.....#
.###.##⌠...⌠##..###....#.....##÷.
.# #.#######.##.@....###.######..
.# #.########.#J##..## #..#......
.# #......##.##w....# ##.#.##.#.
.# #...≈≈..#.####...# #.#.#....
.# #...≈≈...## #.w.# ###......##
.# #......### ###..###..........
.# ######## #..>.....##....... .#
#.#####......#..#. ## ########
#.##............#.


You could see a dart slug and an endoplasm (weak).

Vanquished Creatures
  2 ball pythons (D:1)
  3 bats (D:1)
  4 endoplasms
  2 giant cockroaches (D:1)
  A goblin (D:1)
  4 jackals (D:1)
  A kobold (D:1)
  A quokka (D:1)
  A frilled lizard (D:1)
  3 rats (D:1)
22 creatures vanquished.

Notes
Turn   | Place    | Note
-------+----------+-------------------------------------------
     0 | D:1      | night the Oni Alchemist began the quest for the Orb.
     0 | D:1      | Reached XP level 1. HP: 16/16 MP: 3/3
   268 | D:1      | Reached skill level 1 in Fighting
   268 | D:1      | Reached XP level 2. HP: 19/27 MP: 1/5
   303 | D:1      | Learned a level 2 spell: Mercury Vapours
   572 | D:1      | Reached skill level 3 in Alchemy
   750 | D:1      | Found a faded altar of an unknown god.
   974 | D:1      | Reached XP level 3. HP: 29/35 MP: 4/7
   978 | D:1      | Learned a level 3 spell: Mephitic Cloud
  1198 | D:1      | HP: 3/35 [frozen (5)]
  1200 | D:1      | Frozen to death by an endoplasm

Illustrated notes

Levels and vault maps discovered:
D:1:      amcnicky_arrival_gap_in_the_tavern_cellar, layout_basic,
          shapermc_ecumenical_altar_totnotflames
D:2:      layout_basic, serial_shops, shop, chequers_decorated_corner,
          uniq_robin

Skill      XL: |  1  2 |
---------------+-------+-----
Fighting       | 1 |  1.7
Alchemy        | 3 |  3.0
Maces & Flails | |  0.5
Dodging        | |  1.7
Stealth        | |  1.4
Spellcasting   | |  2.9
Conjurations   | |  0.8

Action                     || total
---------------------------++-------
  Melee: Unarmed           ||    19
         Headbutt          ||     6
         Mace              ||    21
   Cast: Sting             ||    13
         Mercury Vapours   ||    12
   Stab: Sleeping          ||     1
 Armour: Robe              ||    30
  Dodge: Dodged            ||    15

Table legend: (Time is in decaauts)
 A = Elapsed time spent in this place.
 B = Non-inter-level travel time spent in this place.
 C = Inter-level travel time spent in this place.
 D = Time resting spent in this place.
 E = Time spent auto-exploring this place.
 F = Levels seen in this place.
 G = Mean time per level.
                   A        B        C        D        E       F      G
               +--------+--------+--------+--------+--------+-----+--------+
         Total |   1207 |   1171 |     36 |     76 |    919 |   2 |  603.5 |
       Dungeon |   1207 |   1171 |     36 |     76 |    919 |   2 |  603.5 |
               +--------+--------+--------+--------+--------+-----+--------+

Top non-repeatable levels by time:
     D:1: 1197 daAuts
     D:2: 10 daAuts
